 Dungeon Crawl Stone Soup version 0.27.1-1-g398f81649c (webtiles) character file.

Game seed: 2975974588718023809

61 TheGamechu the Magician (level 3, 0/26 HPs)
             Began as a Draconian Hedge Wizard on Sept 17, 2021.
             Slain by an adder (3 damage)
             ... on level 2 of the Dungeon.
             The game lasted 00:09:28 (2147 turns).

TheGamechu the Magician (Draconian Hedge Wizard)    Turns: 2147, Time: 00:09:28

Health: 0/26       AC:  5    Str: 12    XL:     3   Next: 83%
Magic:  7/7        EV: 12    Int: 15    God:
Gold:   72         SH:  0    Dex: 10    Spells: 5/8 levels left

rFire    . . .     SeeInvis .   a - +0 dagger
rCold    . . .     Faith    .   (no shield)
rNeg     . . .     Spirit   .   (armour unavailable)
rPois    .         Reflect  .   b - +0 hat
rElec    .         Harm     .   (no cloak)
rCorr    .         Rampage  .   (no gloves)
Will     .....                  (no boots)
Stlth    ++........             f - amulet of the acrobat
HPRegen  0.08/turn              (no ring)
MPRegen  0.10/turn              (no ring)

@: lethally poisoned (0 -> -1)
A: AC +5, unfitting armour, cold-blooded
a: no special abilities


You were on level 2 of the Dungeon.
You visited 1 branch of the dungeon, and saw 2 of its levels.

You collected 72 gold pieces.

Inventory:

Hand Weapons
 a - a +0 dagger (weapon)
Missiles
 g - 22 poisoned darts
Armour
 b - a +0 hat (worn)
Jewellery
 f - an amulet of the acrobat (around neck)
Scrolls
 c - a scroll of enchant armour {unknown}
 d - a scroll of fear {unknown}
 e - a scroll of amnesia {unknown}
 h - a scroll of identify {unknown}


   Skills:
 * Level 1.9 Short Blades
 - Level 2.0 Dodging
 + Level 2.5 Stealth
 - Level 3.0 Spellcasting
 - Level 1.0 Conjurations
 - Level 1.0 Summonings
 * Level 2.2 Translocations


You had 5 spell levels left.
You knew the following spells:

 Your Spells              Type           Power      Damage    Failure   Level
a - Magic Dart            Conj           20%        1d4       13%         1
b - Blink                 Tloc           N/A        N/A       12%         2

Your spell library contained the following spells:

 Spells                   Type           Power      Damage    Failure   Level
 Call Imp                 Summ           5%         N/A       21%         2
 Slow                     Hex            2%         N/A       30%         2
 Conjure Flame            Conj/Fire      3%         6-21      43%         3
 Mephitic Cloud           Conj/Pois/Air  3%         N/A       45%         3


Dungeon Overview and Level Annotations

Branches:
Dungeon (2/15)

Altars:


Innate Abilities, Weirdness & Mutations

Your plain brown scales are hard. (AC +5)
You cannot fit into any form of body armour.
You are cold-blooded and may be slowed by cold attacks.


Message History

You hit the adder.
The adder is almost dead.
The adder misses you.
You miss the adder.
The adder is almost dead.
The adder bites you but does no damage.
You barely miss the adder.
The adder is almost dead.
The adder bites you but does no damage.
You barely miss the adder.
The adder is almost dead.
The adder bites you.
You closely miss the adder.
The adder is almost dead.
The adder bites you but does no damage.
You barely miss the adder.
The adder is almost dead.
The adder bites you.
You are poisoned.
The adder poisons you! The adder completely misses you.
You hit the adder but do no damage.
The adder is almost dead.
You feel sick. The adder barely misses you.
You hit the adder but do no damage.
The adder is almost dead.
You feel sick. The adder bites you but does no damage.
You closely miss the adder.
Your tail-slap misses the adder.
The adder is almost dead.
You feel sick. The adder closely misses you.
You barely miss the adder.
The adder is almost dead.
You feel sick. The adder closely misses you.
You barely miss the adder.
Your tail-slap misses the adder.
The adder is almost dead.
You feel sick. The adder closely misses you. The adder bites you.
* * * LOW HITPOINT WARNING * * *
You hit the adder but do no damage.
The adder is almost dead.
The adder bites you.
You die...

#.####### #.# #.# #.#
#.# #.# #.# ... #.#
#.# #.# #.# #.# ...
#.# # #.# #.# ###.#.#
#.# ###.# #..@S.# #.#
...# #.#.....#.#
##.###.#####.#.#
#......# #.# #..###.#
#.#
#######.############.#
.....................#
#######.##############
........#


You could see an adder.

Vanquished Creatures
  2 adders (D:2)
  A dart slug (D:1)
  An endoplasm (D:1)
  A giant cockroach (D:1)
  2 goblins
  4 hobgoblins
  7 jackals (D:1)
  4 kobolds
  A quokka (D:1)
  4 ball pythons
  2 bats
  4 frilled lizards
  9 rats (D:1)
42 creatures vanquished.

Notes
Turn   | Place    | Note
-------+----------+-------------------------------------------
     0 | D:1      | TheGamechu the Draconian Hedge Wizard began the quest for
                  | the Orb.
     0 | D:1      | Reached XP level 1. HP: 14/14 MP: 4/4
   512 | D:1      | Reached XP level 2. HP: 20/20 MP: 6/6
   719 | D:1      | Learned a level 2 spell: Blink
   949 | D:1      | Reached skill level 1 in Short Blades
  1195 | D:1      | Reached XP level 3. HP: 14/26 MP: 7/7
  2147 | D:2      | Slain by an adder

Illustrated notes

Levels and vault maps discovered:
D:1:      grunt_arrival_lava_bath, layout_loops_cross, amcnicky_mini_pool_small,
          kennysheep_doodads
D:2:      minmay_diamond_boxcup, layout_basic, basic_altar

Skill      XL: |  1  2  3 |
---------------+----------+-----
Stealth        | 2 |  2.5
Dodging        | 2 |  2.0
Short Blades   | 1 |  1.9
Translocations | 2 |  2.2
Spellcasting   | |  3.0
Conjurations   | |  1.0
Summonings     | |  1.0

Action                   || total
-------------------------++-------
Melee: Dagger            ||   167
       Tailslap          ||    15
 Cast: Magic Dart        ||    26
       Blink             ||     7
 Stab: Sleeping          ||     7
Armor: Skin              ||    41
Dodge: Dodged            ||   101
